 Dungeon Crawl Stone Soup version 0.21-a0-283-g622b906 (webtiles) character file.

3 RKaid the Charlatan (level 1, 0/9 HPs)
             Began as a Felid Artificer on Sept 25, 2017.
             Slain by a leopard gecko (3 damage)
             ... on level 1 of the Dungeon.
             The game lasted 00:01:03 (288 turns).

RKaid the Charlatan (Felid Artificer)                Turns: 288, Time: 00:01:03

Health: 0/9        AC:  1    Str:  8    XL:     1   Next: 41%
Magic:  4/4        EV: 18    Int: 12    God:
Gold:   19         SH:  0    Dex: 16    Spells: 0/0 levels left
                                        Lives:  0   Deaths: 0

rFire    . . .     SeeInvis +     - Unarmed
rCold    . . .     Gourm    .   (shield unavailable)
rNeg     . . .     Faith    .   (armour unavailable)
rPois    .         Spirit   .   (helmet unavailable)
rElec    .         Reflect  .   (cloak unavailable)
rCorr    .         Harm     .   (gloves unavailable)
MR       .....                  (boots unavailable)
Stlth    ++........             (no amulet)
HPRegen  0.03/turn              (no ring)
MPRegen  0.09/turn              (no ring)

@: quick
A: no armour, no weapons or thrown items, stealth, claws 1, fangs 3, see
invisible, carnivore 3, speed 1, shaggy fur 1, slow metabolism 1, sharp paws
a: no special abilities


You were on level 1 of the Dungeon.
You were not hungry.

You visited 1 branch of the dungeon, and saw 1 of its levels.

You collected 19 gold pieces.

Inventory:

Wands
 a - a wand of flame (14/48)
 b - a wand of enslavement (15/24)
 c - a wand of random effects (15/48)
Scrolls
 e - a scroll of identify {unknown}
Potions
 f - a potion of brilliance {unknown}
Comestibles
 d - a meat ration


   Skills:
 + Level 1.0 Fighting
 - Level 2.6 Dodging
 - Level 1.3 Stealth
 * Level 1.3 Unarmed Combat
 + Level 3.4 Evocations


You couldn't memorise any spells.
You didn't know any spells.

Dungeon Overview and Level Annotations

Branches:
Dungeon (1/15)

Altars:


Innate Abilities, Weirdness & Mutations

You cannot wear armour.
You are incapable of wielding weapons or throwing items.
Your paws allow you to move quietly. (Stealth)
You have sharp claws.
You have razor-sharp teeth.
You have supernaturally acute eyesight. (SInv)
You are carnivorous and can eat meat at any time.
You cover ground quickly.
You are covered in fur. (AC +1)
You have a slow metabolism.
Your sharp claws are effective at attacking unaware monsters.


Message History

Welcome, RKaid the Felid Artificer.
It is said that the Orb of Zot exists deep within this dungeon.
Press ? for a list of commands and other information.
Found 2 stones.
Found a staircase leading out of the dungeon.
You see here a stone.
You open the door.
A hobgoblin comes into view. It is wielding a club.
There is an open door here.
You see here a stone.
You scratch the hobgoblin. The hobgoblin closely misses you.
You scratch the hobgoblin. The hobgoblin completely misses you.
You scratch the hobgoblin.
You kill the hobgoblin!
You see here a club.
You see here a stone.
You open the door.
There is an open door here.
Found a stone staircase leading down.
e - a scroll labeled WIENNE TEDOCI A hobgoblin comes into view.
It is wielding a club.
You see here 6 gold pieces.
A hobgoblin is nearby!
Unknown command.
You now have 6 gold pieces.
The hobgoblin shouts!
The hobgoblin hits you with a club!
Ouch! That really hurt!
* * * LOW HITPOINT WARNING * * *
You are too injured to fight recklessly!
You are too injured to fight recklessly!
Unknown command.
There is an open door here.
Unknown command.
Evoke which item? (* to show all) (? for menu, Esc to quit)
You don't have any such object.
Evoke which item? (* to show all) (? for menu, Esc to quit)
Okay, then.
Unknown command.
Unknown command.
Unknown command.
Unknown command.
Unknown command.
Unknown command.
Unknown command.
Unknown command.
Unknown command.
Unknown command.
Unknown command.
Unknown command.
Evoke which item? (* to show all) (? for menu, Esc to quit)
Aiming: Throw Flame
Press: ? - help, Shift-Dir - straight line, f - hobgoblin
Aim: a hobgoblin, wielding a club The puff of flame hits the hobgoblin.
You kill the hobgoblin!
This wand has 14 charges left.
You start resting.
Things that are here:
a club; a hobgoblin corpse You butcher the hobgoblin corpse.
f - a chunk of flesh You see here a club. x2
Eating a chunk of flesh.
You eat the chunk of flesh.
This raw flesh tastes great.
Found a runed buckler.
You now have 19 gold pieces (gained 13).
f - a blue potion A rat comes into view.
You pounce on the unaware helpless rat!
You claw the rat!
You kill the rat!
A leopard gecko comes into view.
The leopard gecko hisses angrily.
You miss the leopard gecko. The leopard gecko bites you.
The leopard gecko closely misses you.
You barely miss the leopard gecko. Your bite misses the leopard gecko.
The leopard gecko bites you.
You scratch the leopard gecko. The leopard gecko bites you.
You die...

..# .. #.# ## .. ..#
#.# ...#
##.##..###..?.#
......l.......+ #.@#
.. ##.##.#
...####..#.#####
................
.#######..#####
#...........
..#####.#...######.
...................
#.#########.######..#


You could see a leopard gecko.

Vanquished Creatures
  2 hobgoblins (D:1)
  A rat (D:1)
3 creatures vanquished.

Notes
Turn   | Place    | Note
-------+----------+-------------------------------------------
     0 | D:1      | RKaid the Felid Artificer began the quest for the Orb.
     0 | D:1      | Reached XP level 1. HP: 9/9 MP: 4/4
    30 | D:1      | HP: 2/9 [hobgoblin/club (7)]
   288 | D:1      | Slain by a leopard gecko

Vault maps used:
D:1:      minmay_arrival_shattered_statue

Action                   || total
-------------------------++-------
Melee: Unarmed           ||     7
Evoke: Wand              ||     1
 Stab: Sleeping          ||     1
  Eat: Chunk             ||     1
Dodge: Dodged            ||     3

Table legend:
 A = Spawn XP
 B = Non-spawn XP
 C = Spawn XP percentage of total XP
 D = Spawn monster count
 E = Non-spawn monster count
 F = Spawn count percentage of total count
 G = Total turns spent on level
                    A         B        C        D         E        F      G
               +---------+---------+-------+---------+---------+-------+---------
         Total |       0 |       5 |   0.0 |       0 |       3 |   0.0 |   288
               +---------+---------+-------+---------+---------+-------+---------
           D:1 |       0 |       5 |   0.0 |       0 |       3 |   0.0 |   288
               +---------+---------+-------+---------+---------+-------+---------

Table legend:
 A = Turns spent in this place as a percentage of turns spent in the entire game.
 B = Non-inter-level travel turns spent in this place as a percentage of non-inter-level travel turns spent in the entire game.
 C = Inter-level travel turns spent in this place as a percentage of turns spent in this place.
 D = Turns resting spent in this place as a percentage of non-inter-level travel turns spent in this place.
 E = Turns spent auto-exploring this place as a percentage of non-inter-level travel turns spent in this place.
 F = Non-inter-level travel turns spent in this place divided by the number of levels of this place that you've seen.
                   A       B       C       D       E      F
               +-------+-------+-------+-------+-------+----------------------
         Total | 100.0 | 100.0 |   0.0 |  67.7 |  15.3 | 288.0
       Dungeon | 100.0 | 100.0 |   0.0 |  67.7 |  15.3 | 288.0
               +-------+-------+-------+-------+-------+----------------------

Table legend:
 A = Kills in this place as a percentage of kills in entire the game.
 B = Kills by you in this place as a percentage of kills by you in the entire game.
 C = Kills by friends in this place as a percentage of kills by friends in the entire game.
 D = Other kills in this place as a percentage of other kills in the entire game.
 E = Experience gained in this place as a percentage of experience gained in the entire game.
 F = Experience gained in this place divided by the number of levels of this place that you have seen.
                   A       B       C       D       E      F
               +-------+-------+-------+-------+-------+----------------------
         Total | 100.0 | 100.0 |   N/A |   N/A | 100.0 |   5.0
       Dungeon | 100.0 | 100.0 |   N/A |   N/A | 100.0 |   5.0
               +-------+-------+-------+-------+-------+----------------------
